 Dungeon Crawl Stone Soup version 0.29.1-1-gd02db6906a (webtiles) character file.

Game seed: 10548562447090058528

92 Icepheonix32 the Trooper (level 4, 0/41 HPs)
             Began as a Hill Orc Fighter on Oct 6, 2022.
             Slain by an orc
             ... wielding a +0 club
              (2 damage)
             ... on level 2 of the Dungeon.
             The game lasted 00:03:36 (2070 turns).

Icepheonix32 the Trooper (Hill Orc Fighter)         Turns: 2070, Time: 00:03:37

Health: 0/41       AC:  9    Str: 18    XL:     4   Next: 60%
Magic:  4/4        EV:  9    Int: 14    God:
Gold:   75         SH:  4    Dex: 12    Spells: 3/3 levels left

rFire   . . .      SeeInvis .   m - +4 short sword of Doubt {vamp, Int+6}
rCold   . . .      Faith    .   c - +0 buckler
rNeg    . . .      Spirit   .   b - +0 scale mail
rPois   .          Reflect  .   (no helmet)
rElec   .          Harm     .   (no cloak)
rCorr   .          Rampage  .   e - +1 pair of gloves
Will    .....                   (no boots)
Stlth   ..........              (no amulet)
HPRegen 0.13/turn               (no ring)
MPRegen 0.09/turn               (no ring)

@: no status effects
A: no striking features
a: no special abilities


You were on level 2 of the Dungeon.
You visited 1 branch of the dungeon, and saw 2 of its levels.

You collected 75 gold pieces.

Inventory:

Hand Weapons
 a - a +0 war axe
 k - a +2 dagger of venom
 m - the +4 short sword of Doubt (weapon) {vamp, Int+6}
   (You found it on level 2 of the Dungeon)

   It occasionally heals its wielder for a portion of the damage dealt when it
   wounds a living foe.
   Int:       It affects your intelligence (+6).
Armour
 b - a +0 scale mail (worn)
 c - a +0 buckler (worn)
 e - a +1 pair of gloves (worn)
Jewellery
 l - a ring of fire
Scrolls
 g - a scroll of teleportation {unknown}
 j - 2 scrolls of identify {unknown}
Potions
 d - a potion of might
 f - a potion of resistance {unknown}
 h - a potion of haste {unknown}
 i - a potion of mutation {unknown}


   Skills:
 * Level 4.9 Fighting
 + Level 0.1 Short Blades
 - Level 3.5 Axes
 + Level 3.8 Armour
 + Level 0.6 Dodging
 + Level 0.1 Stealth
 + Level 3.7 Shields


You had 3 spell levels left.
You didn't know any spells.
Your spell library was empty.

Dungeon Overview and Level Annotations

Branches:
Dungeon (2/15)

Altars:


Message History

You completely miss the orc.
The orc is heavily wounded.
Something hits you but does no damage. The orc hits you but does no damage.
You hit the orc but do no damage.
The orc is heavily wounded.
The orc hits you but does no damage. Something hits you but does no damage.
You bump into the rock wall.
The orc barely misses you. Something hits you but does no damage.
Unknown command.
You bump into the rock wall.
You hear some strange, mumbled words.
You are more confused.
The orc hits you but does no damage.
You miss the orc.
The orc is moderately wounded.
The orc barely misses you. Something hits you but does no damage.
You bump into the rock wall.
You hear some strange, mumbled words.
A puff of flame appears from out of thin air!
The puff of flame hits you but does no damage.
The orc barely misses you.
Unknown command.
Something hits you. The orc hits you with a +0 club.
Items here: ! ) ? [ †.
The orc attacks as you move away! The orc completely misses you.
Something hits you but does no damage.
Unknown command.
You barely miss something. The orc hits you but does no damage.
You hear some strange, mumbled words.
A puff of flame appears from out of thin air!
The puff of flame hits you!
* * * LOW HITPOINT WARNING * * *
Something completely misses you. The orc hits you but does no damage.
Something hits you but does no damage. The orc attacks as you move away!
The orc hits you with a +0 club.
* * * LOW HITPOINT WARNING * * *
You hit something.
You feel less confused. The orc hits you with a +0 club.
You die...

#.. ..# #. #.# #.# #. #.# #.#
## ####### ###'## #.# #
#.....# ######....# #.# #
#.....###.........###.########
#.....#..........(............
#.....#'#....#o..)###.########
#............@{.).# #o#
#...>.............# #.########
###...............# #........#
##'#............##########.#
#.###############.......#.#
#.### #.###.#.#.# #...#
#.#.....#.# ###.# ######
#.#.#(#.#.# #.###
#~~~~####.#........


You could see an orc.

Vanquished Creatures
  An orc priest (D:2)
  A gnoll (D:1)
  An adder (D:2)
  5 dart slugs (D:1)
  An orc (D:2)
  3 bats
  4 endoplasms
  A goblin (D:1)
  6 hobgoblins
  3 kobolds
  2 quokkas
  3 ball pythons
  4 rats
  3 bushes (D:1)
38 creatures vanquished.

Vanquished Creatures (others)
  4 plants (D:1)
4 creatures vanquished.

Grand Total: 42 creatures vanquished

Notes
Turn   | Place    | Note
-------+----------+-------------------------------------------
     0 | D:1      | Icepheonix32 the Hill Orc Fighter began the quest for the
                  | Orb.
     0 | D:1      | Reached XP level 1. HP: 19/19 MP: 1/1
    59 | D:1      | Reached skill level 4 in Fighting
    59 | D:1      | Reached XP level 2. HP: 16/27 MP: 2/2
   285 | D:1      | Reached XP level 3. HP: 33/33 MP: 3/3
  1542 | D:2      | Reached XP level 4. HP: 35/41 MP: 4/4
  1910 | D:2      | Identified the +4 short sword of Doubt {vamp, Int+6}
  2069 | D:2      | HP: 1/41 [orc/+0 club (4)]
  2070 | D:2      | Slain by an orc

Illustrated notes

Levels and vault maps discovered:
D:1:      dpeg_arrival_court, layout_loops_ring, serial_forest,
          infiniplex_forest_lined_3_way, infiniplex_forest_lined_3_way,
          infiniplex_forest_end_1, infiniplex_forest_clump_long,
          infiniplex_forest_split, infiniplex_forest_clump_curved,
          infiniplex_forest_split, infiniplex_forest_zigzag_1
D:2:      wander_river, layout_basic

Skill      XL: |  1 |
---------------+----+-----
Fighting       | 4 |  4.9
Axes           | 3 |  3.5
Short Blades   | |  0.1
Armour         | |  3.8
Dodging        | |  0.6
Stealth        | |  0.1
Shields        | |  3.7

Action                   |  1- 3 |  4- 6 || total
-------------------------+-------+-------++-------
Melee: War axe           |   299 |    11 ||   310
       Short sword       |       |    30 ||    30
Armor: Scale mail        |    58 |    42 ||   100
Dodge: Dodged            |    45 |    26 ||    71
Block: Buckler           |    22 |    11 ||    33
